 Dungeon Crawl Stone Soup version 0.28.0 (webtiles) character file.

Game seed: 10084000618763689295

307 HallandMoats the Skirmisher (level 6, -2/53 HPs)
             Began as a Ghoul Fighter on Feb 8, 2022.
             Was a Believer of Cheibriados.
             Killed by divine providence
             ... invoked by an orc priest
              (12 damage)
             ... on level 4 of the Dungeon.
             The game lasted 00:03:38 (3720 turns).

HallandMoats the Skirmisher (Ghoul Fighter)         Turns: 3720, Time: 00:03:38

Health: -2/53      AC: 10    Str: 25    XL:     6   Next: 40%
Magic:  2/7        EV: 10    Int: 13    God:    Cheibriados [**....]
Gold:   84         SH:  5    Dex: 19    Spells: 5/5 levels left

rFire   . . .      SeeInvis .   a - +0 trident
rCold   + . .      Faith    .   c - +0 buckler
rNeg    + + +      Spirit   .   b - +0 scale mail
rPois   ∞          Reflect  .   h - +2 helmet {Int+3}
rElec   .          Harm     .   (no cloak)
rCorr   .          Rampage  .   (no gloves)
Will    .....                   (no boots)
Stlth   ..........              (no amulet)
HPRegen 0.00/turn               i - +6 ring of dexterity
MPRegen 0.10/turn               (no ring)

@: inhibited regen, studying Evocations, very slow
A: claws 1, cold resistance 1, negative energy resistance 3, inhibited
regeneration, torment resistance 2
a: Renounce Religion, Bend Time


You were on level 4 of the Dungeon.
You worshipped Cheibriados.
Cheibriados was pleased with you.
You visited 1 branch of the dungeon, and saw 4 of its levels.

You collected 84 gold pieces.

Inventory:

Hand Weapons
 a - a +0 trident (weapon)
Armour
 b - a +0 scale mail (worn)
 c - a +0 buckler (worn)
 h - a +2 helmet of intelligence (worn)
Jewellery
 i - a +6 ring of dexterity (left claw)
Scrolls
 f - a scroll of holy word {unknown}
 g - a scroll of fear {unknown}
 m - a scroll of enchant weapon {unknown}
 n - 2 scrolls of vulnerability {unknown}
 o - a scroll of immolation {unknown}
Potions
 e - a potion of berserk rage {unknown}
 j - a potion of degeneration {unknown}
 k - a potion of resistance {unknown}
 l - a potion of ambrosia {unknown}


   Skills:
 * Level 4.5 Fighting
 * Level 3.2 Polearms
 + Level 3.2 Armour
 + Level 1.4 Dodging
 + Level 3.3 Shields
 * Level 2.9 Invocations


You had 5 spell levels left.
You didn't know any spells.
Your spell library was empty.

Dungeon Overview and Level Annotations

Branches:
Dungeon (4/15)
 Temple: D:4-7

Altars:
Cheibriados

Annotations:
D:4 Pikel


Innate Abilities, Weirdness & Mutations

You thrive by killing the living.
You are immune to poison.
You have sharp fingernails.
Your flesh is cold resistant. (rC+)
You are immune to negative energy. (rN+++)
You do not regenerate when monsters are visible.
You are immune to unholy pain and torment.


Message History

The orc priest is lightly wounded.
The gnoll shouts!
You hear a shout!
The orc priest invokes the aid of Beogh against you.
Beogh smites you! You block the orc priest's attack.
The orc priest barely misses you. The orc priest barely misses you.
The orc hits you but does no damage.
The orc priest begins to cast a cantrip, but forgets the words!
You closely miss the orc priest.
The orc priest hits you with a +0 flail.
You hit the orc priest but do no damage.
The orc priest hits you with a +0 flail!
You closely miss the orc priest.
The orc priest mumbles some strange prayers to Beogh against you.
Beogh smites you!
* * * LOW HITPOINT WARNING * * *
You block the gnoll's attack.
The orc priest hits you with a +0 flail.
* * * LOW HITPOINT WARNING * * *
You hear a shout!
Okay, then.
It was a potion of curing.
You feel better.
The gnoll hits you from afar with a +0 halberd.
* * * LOW HITPOINT WARNING * * *
The orc priest barely misses you.
Unknown command.
The flow of time bends around you.
Cheibriados rebukes the orc priest.
The orc priest seems to slow down.
The gnoll barely misses you.
The gnoll shaman calls upon its god to speed up the gnoll.
The gnoll seems to speed up.
Unknown command.
The flow of time bends around you.
Cheibriados rebukes the orc priest.
The orc priest seems to slow down.
The gnoll closely misses you.
The orc priest hits you but does no damage.
Unknown command.
Found 17 gold pieces.
The orc priest invokes the aid of Beogh against you.
Beogh smites you!
You die...

#.# #.# #.# #.#
##)## #.# ....# #.#
....# #.# ....#
#.####### ##'##
#.....).# #.#
################.#
#.#
#..@..ogog....#..#
#.#
#'##########.##.###
#.# $.
.......#...)...# .#
... ##.....#.#.#
...
.......g.....#.# ..
.....g.###...# # .
....... ##.##
....g.. #.# ......#
#.#


You could see a gnoll shaman, an orc priest (slow), a gnoll and an orc.

Vanquished Creatures
  A necrophage (D:4)
  4 lemures (D:4)
  A centaur skeleton (D:4)
  2 orc wizards (D:4)
  A scorpion zombie (D:3)
  A hound skeleton (D:4)
  A gnoll (D:1)
  3 adders
  2 worms (D:2)
  2 dart slugs
  An orc (D:4)
  4 ball pythons
  An endoplasm (D:2)
  3 giant cockroaches (D:1)
  2 goblins
  7 hobgoblins
  5 jackals (D:1)
  5 kobolds
  2 quokkas (D:2)
  7 bats
  3 frilled lizards
  6 rats
64 creatures vanquished.

Vanquished Creatures (others)
  42 plants (D:4)
42 creatures vanquished.

Grand Total: 106 creatures vanquished

Notes
Turn   | Place    | Note
-------+----------+-------------------------------------------
     0 | D:1      | HallandMoats the Ghoul Fighter began the quest for the Orb.
     0 | D:1      | Reached XP level 1. HP: 19/19 MP: 0/0
    61 | D:1      | Reached XP level 2. HP: 26/26 MP: 1/1
   368 | D:1      | Reached skill level 1 in Invocations
   368 | D:1      | Reached XP level 3. HP: 23/31 MP: 2/2
   529 | D:1      | Found a faded altar of an unknown god.
   542 | D:1      | Prayed at the altar of an unknown god.
   542 | D:1      | Became a worshipper of Cheibriados the Contemplative
   542 | D:1      | Reached * piety under Cheibriados
  1504 | D:2      | Reached XP level 4. HP: 39/40 MP: 4/4
  2230 | D:3      | Reached ** piety under Cheibriados
  2400 | D:3      | Reached skill level 1 in Dodging
  2736 | D:3      | Reached XP level 5. HP: 46/46 MP: 5/5
  2840 | D:4      | Noticed a lemure
  2840 | D:4      | Noticed a lemure
  2840 | D:4      | Noticed Pikel
  2850 | D:4      | Killed a lemure
  2867 | D:4      | Killed a lemure
  2873 | D:4      | Reached skill level 4 in Fighting
  3085 | D:4      | Noticed a lemure
  3180 | D:4      | Noticed a lemure
  3208 | D:4      | Killed a lemure
  3215 | D:4      | Killed a lemure
  3228 | D:4      | Noticed a necrophage
  3246 | D:4      | Killed a necrophage
  3247 | D:4      | Reached XP level 6. HP: 11/53 MP: 5/7
  3720 | D:4      | Killed from afar by an orc priest

Illustrated notes

Levels and vault maps discovered:
D:1:      psy_arrival_basics, layout_loops_ring,
          hellmonk_ecumenical_altar_dog_temple
D:2:      layout_basic, serial_glass, glass_columns_b, glass_columns_a,
          grunt_decor_junction, grunt_ministairs_12
D:3:      minmay_inner_zag, layout_loops_ring, serial_bayou_pond_a
D:4:      layout_basic, general_overflow_altar, serial_shops, shop_fountains,
          serial_bayou_lagoon_a, uniq_pikel

Skill      XL: |  1  2  3  4  5 |
---------------+----------------+-----
Polearms       | 2 3 |  3.2
Invocations    | 1 2 |  2.9
Shields        | 3 |  3.3
Dodging        | 1 |  1.4
Fighting       | 4 |  4.5
Armour         | 3 |  3.2

Action                   |  1- 3 |  4- 6 || total
-------------------------+-------+-------++-------
Melee: Trident           |   106 |   186 ||   292
Invok: Bend Time         |       |     2 ||     2
  Use: Potion            |       |     2 ||     2
       Scroll            |       |     1 ||     1
Armor: Scale mail        |    40 |    91 ||   131
Dodge: Dodged            |    40 |    65 ||   105
Block: Buckler           |    11 |    34 ||    45
